 Dungeon Crawl Stone Soup version 0.20.1-1-g8b1a95d (webtiles) character file.

396 dohliylev the Covert (level 6, -4/43 HPs)
             Began as a Vampire Enchanter on Aug 12, 2017.
             Killed from afar by an electric eel (11 damage)
             ... with a bolt of electricity
             ... on level 4 of the Dungeon.
             The game lasted 00:16:57 (4029 turns).

dohliylev the Covert (Vampire Enchanter)            Turns: 4029, Time: 00:16:57

Health: -4/43      AC:  7    Str:  7    XL:     6   Next: 52%
Magic:  5/10       EV: 12    Int: 19    God:
Gold:   178        SH:  3    Dex: 15    Spells: 5/11 levels left

rFire    . . .     SeeInvis +   u - +1 dagger (flame)
rCold    . . .     Gourm    .   g - +0 buckler
rNeg     + . .     Faith    .   b - +0 robe
rPois    .         Spirit   .   q - +2 helmet
rElec    .         Reflect  .   w - +0 cloak
rCorr    .         Harm     .   (no gloves)
MR       .....                  m - +0 pair of boots
Stlth    ++++......             (no amulet)
Regen    0.2/turn               (no ring)
MPRegen  0.2/turn               (no ring)

@: no status effects
A: fangs 3, see invisible, unbreathing
a: Bat Form


You were on level 4 of the Dungeon.
You were not thirsty.

You visited 1 branch of the dungeon, and saw 4 of its levels.

You collected 178 gold pieces.

Inventory:

Hand Weapons
 u - a +1 dagger of flaming (weapon)
Armour
 b - a +0 robe (worn)
 g - a +0 buckler (worn)
 m - a +0 pair of boots (worn)
 q - a +2 helmet (worn)
 w - a +0 cloak (worn)
Jewellery
 A - an uncursed ring of ice {unknown}
Wands
 a - a wand of polymorph (6/24)
 p - a wand of lightning (6/15)
 y - a wand of random effects (8/48)
 B - a wand of flame (34/48)
Scrolls
 e - 2 scrolls of teleportation {unknown}
 f - 3 scrolls of remove curse {unknown}
 h - 2 scrolls of noise {unknown}
 i - 2 scrolls of magic mapping {unknown}
 j - 6 scrolls of identify {unknown}
 k - a scroll of fog {unknown}
 l - 2 scrolls of recharging {unknown}
 o - a scroll of enchant weapon {unknown}
 s - 2 scrolls of immolation {unknown}
 x - a scroll of blinking {unknown}
Potions
 d - 7 potions of blood
 n - 3 potions of degeneration {unknown}
 r - a potion of ambrosia {unknown}
 t - a potion of lignification {unknown}
 v - a potion of cancellation {unknown}
 z - a potion of might {unknown}
Books
 c - a book of Maledictions

   Spells                             Type                      Level
   a - Corona                         Hexes                        1
   b - Ensorcelled Hibernation        Hexes/Ice                    2
   c - Confuse                        Hexes                        3
   d - Tukima's Dance                 Hexes                        3
   e - Dazzling Spray                 Conjuration/Hexes            3


   Skills:
 + Level 1.2 Fighting
 + Level 1.8 Short Blades
 + Level 2.3 Dodging
 + Level 8.6 Stealth
 + Level 3.0 Spellcasting
 + Level 5.3 Hexes
 + Level 2.2 Ice Magic


You had 5 spell levels left.
You knew the following spells:

 Your Spells              Type           Power        Failure   Level  Hunger
a - Corona                Hex            ###....      2%          1    None
b - Ensorcelled Hibernat  Hex/Ice        ###...       8%          2    ##.....
c - Confuse               Hex            ###.....     9%          3    ###....


Dungeon Overview and Level Annotations

Branches:
Dungeon (4/15)
 Temple: D:4-7

Altars:
Cheibriados

Shops:
D:4 [

Annotations:
D:4 1 transporter


Innate Abilities, Weirdness & Mutations

You have razor-sharp teeth.
You have supernaturally acute eyesight. (SInv)
You can survive without breathing.


Message History

The electric eel shoots out a bolt of lightning at you!
The bolt of electricity hits you! x2; The bolt of electricity hits the plant.
There is an open door here.
Casting: Ensorcelled Hibernation
Confirm with . or Enter, or press ? or * to list all spells.
You don't know that spell.
The electric eel shoots out a bolt of lightning at you!
The bolt of electricity hits you! x2
* * * LOW HITPOINT WARNING * * *
The bolt of electricity hits the plant.
There is an open door here.
Casting: Ensorcelled Hibernation
Confirm with . or Enter, or press ? or * to list all spells.
Aiming: Confuse
Press: ? - help, Shift-Dir - straight line, f/p - electric eel
Aim: an electric eel (chance to defeat MR: 62%)
The electric eel appears confused.
The electric eel shoots out a bolt of lightning at you!
The bolt of electricity hits you!
You die...

..# #.# #.# ####.# #...... ..#
#.####.# #.###.##... ..#
######......# #......#<.. ###
#......###################.## ###
#......#.................#... ..#
#......#.###############.#>##
#.###......#.#8P#≈≈≈≈≈≈≈#P8#.#...
#..##........#..#.......#..#....#
##.##.......©#..@...⌠...+$©#....#
#.##........#..#.......#..#....#
##....#.####.#8P#;;≈≈≈≈≈#P8#.....
..#..#.......###############..#..
..#..#........................###
.....#........................#
.....#.......#####.......########
.....#.......#####.#####.# #....
#.....######.......# #.# #.###


You could see 2 electric eels.

Vanquished Creatures
  An orc warrior (D:3)
  A scorpion (D:4)
  Crazy Yiuf (D:3)
  An orc priest (D:3)
  An orc wizard (D:3)
  4 gnolls (D:2)
  5 adders
  3 dart slugs (D:1)
  2 leopard geckos
  An orc (D:3)
  A ball python (D:1)
  2 giant cockroaches
  7 goblins
  13 hobgoblins
  9 jackals
  A quokka (D:2)
  8 bats
  7 frilled lizards
  8 kobolds
  6 rats
  A bush (D:3)
83 creatures vanquished.

Notes
Turn   | Place    | Note
-------+----------+-------------------------------------------
     0 | D:1      | dohliylev the Vampire Enchanter began the quest for the Orb.
     0 | D:1      | Reached XP level 1. HP: 13/13 MP: 3/3
   196 | D:1      | Reached skill level 5 in Stealth
   284 | D:1      | Reached XP level 2. HP: 15/19 MP: 5/5
   342 | D:1      | Learned a level 2 spell: Ensorcelled Hibernation
   422 | D:1      | Reached skill level 6 in Stealth
   476 | D:1      | Reached XP level 3. HP: 24/24 MP: 6/6
   907 | D:2      | Reached skill level 7 in Stealth
  1042 | D:2      | Reached XP level 4. HP: 21/31 MP: 0/7
  1163 | D:2      | Reached skill level 1 in Ice Magic
  2004 | D:3      | Found a snail-covered altar of Cheibriados.
  2117 | D:3      | Reached XP level 5. HP: 30/36 MP: 2/8
  2599 | D:3      | Noticed an orc warrior
  2832 | D:3      | Killed an orc warrior
  2832 | D:3      | Reached skill level 8 in Stealth
  2832 | D:3      | Reached skill level 5 in Hexes
  2945 | D:3      | Reached skill level 1 in Fighting
  2945 | D:3      | Reached XP level 6. HP: 26/43 MP: 0/10
  3325 | D:3      | Found a runed door.
  3329 | D:3      | Noticed Crazy Yiuf
  3334 | D:3      | Killed Crazy Yiuf
  3413 | D:4      | Learned a level 3 spell: Confuse
  3419 | D:4      | Found a transporter.
  3455 | D:4      | Found a transporter.
  3671 | D:4      | Found Deuczak's Armour Shoppe.
  4029 | D:4      | Killed from afar by an electric eel

Skill      XL: |  1  2  3  4  5  6 |
---------------+-------------------+-----
Stealth        | 5 6 7 8 |  8.6
Ice Magic      | 1 2 |  2.2
Hexes          | 5 |  5.3
Fighting       | 1 |  1.2
Spellcasting   | 3 |  3.0
Short Blades   | |  1.8
Dodging        | |  2.3

Action                   |  1- 3 |  4- 6 || total
-------------------------+-------+-------++-------
Melee: Dagger            |   128 |   253 ||   381
       Bite              |     9 |    33 ||    42
 Cast: Corona            |    12 |     1 ||    13
       Ensorcelled Hiber |    21 |    42 ||    63
       Confuse           |       |     1 ||     1
 Abil: End Transformatio |       |     1 ||     1
       Bat Form          |       |     1 ||     1
  Use: Potion            |       |     9 ||     9
 Stab: Sleeping          |    14 |    25 ||    39
  Eat: Corpse            |     8 |     4 ||    12
Armor: Robe              |    54 |    33 ||    87
Dodge: Dodged            |   133 |    68 ||   201
Block: Buckler           |     7 |    17 ||    24
